 Dungeon Crawl Stone Soup version 0.28.0-1-gb440e238dd (webtiles) character file.

Game seed: 1206217276982650201

2682 issech the Cudgeller (level 9, -14/88 HPs)
             Began as a Troll Monk on Feb 27, 2022.
             Demolished by a two-headed ogre (22 damage)
             ... on level 7 of the Dungeon.
             The game lasted 00:23:11 (5382 turns).

issech the Cudgeller (Troll Monk)                   Turns: 5382, Time: 00:23:12

Health: -14/88     AC:  7    Str: 21    XL:     9   Next: 37%
Magic:  8/8        EV: 14    Int:  6    God:
Gold:   294        SH:  0    Dex: 30    Spells: 8/8 levels left

rFire   x . .      SeeInvis .   x - +7 hand axe "Sirchonk" {chaos, rF- rCorr Dex+8 Stlth-}
rCold   . . .      Faith    .   (no shield)
rNeg    . . .      Spirit   .   b - +0 robe
rPois   .          Reflect  .   (helmet restricted)
rElec   .          Harm     .   g - +2 cloak
rCorr   +          Rampage  .   (gloves unavailable)
Will    .....                   (boots unavailable)
Stlth   ++........              (no amulet)
HPRegen 1.04/turn               v - +4 ring of slaying
MPRegen 0.11/turn               F - +6 ring of dexterity

@: no status effects
A: large, unfitting armour, claws 3, regeneration 1, shaggy fur 1, tough skin 1
a: no special abilities


You were on level 7 of the Dungeon.
You visited 1 branch of the dungeon, and saw 7 of its levels.

You collected 318 gold pieces.
You spent 24 gold pieces at shops.

Inventory:

Hand Weapons
 f - a +2 whip of draining
 k - a +2 dagger of protection
 o - a +1 whip of electrocution
 x - the +7 hand axe "Sirchonk" (weapon) {chaos, rF- rCorr Dex+8 Stlth-}
   (You found it on level 5 of the Dungeon)

   Each time it hits an enemy it has a different, random effect.
   Dex:       It affects your dexterity (+8).
   rF:        It makes you vulnerable to fire.
   rCorr:     It protects you from acid and corrosion.
   Stlth:     It makes you less stealthy.
 A - a +4 short sword
 C - a +0 giant club
 D - a +5 hand axe
 E - a +2 scimitar of freezing
Missiles
 c - 95 arrows
 d - 147 stones (quivered)
 s - 10 poisoned darts
 t - 59 sling bullets
 G - a silver boomerang
Armour
 b - a +0 robe (worn)
 g - a +2 cloak (worn)
Jewellery
 v - a +4 ring of slaying (left claw)
 F - a +6 ring of dexterity (right claw)
Wands
 a - a wand of flame (21)
 B - a wand of iceblast (8)
Scrolls
 j - 5 scrolls of blinking
 m - a scroll of holy word
 q - a scroll of noise
 r - 2 scrolls of enchant weapon
 u - a scroll of amnesia {unknown}
 H - a scroll of vulnerability {unknown}
Potions
 e - 2 potions of haste {unknown}
 h - a potion of brilliance {unknown}
 i - a potion of magic {unknown}
 l - 2 potions of curing
 n - 4 potions of mutation {unknown}
 p - 3 potions of might {unknown}
 w - a potion of resistance {unknown}
 z - 3 potions of flight {unknown}
 I - a potion of heal wounds {unknown}


   Skills:
 + Level 5.1 Fighting
 + Level 5.1(6.6) Axes
 + Level 7.0(7.9) Maces & Flails
 + Level 5.0 Dodging
 + Level 2.8 Stealth


You had 8 spell levels left.
You didn't know any spells.
Your spell library contained the following spells:

 Spells                   Type           Power      Damage    Failure   Level
 Dazzling Flash           Conj/Hex       0%         N/A       83%         3
 Iskenderun's Mystic Bla  Conj/Tloc      0%         2d3       99%         4
 Starburst                Conj/Fire      0%         6d3       100%        6


Dungeon Overview and Level Annotations

Branches:
Dungeon (7/15)
 Temple: D:4-7

Altars:
Beogh

Shops:
D:1 ?   D:3 [


Innate Abilities, Weirdness & Mutations

You are too large for most types of armour.
You have claws for hands.
Your natural rate of healing is unusually fast.
You are covered in fur. (AC +1)
You have tough skin. (AC +1)


Message History

The two-headed ogre is poisoned.
The two-headed ogre is heavily wounded.
The two-headed ogre looks more healthy.
You hit the two-headed ogre.
The two-headed ogre is heavily wounded.
The two-headed ogre hits you with a +0 giant club!
The two-headed ogre hits you with a +0 giant club!!
* * * LOW HITPOINT WARNING * * *
There is an open door here.
There is an open door here.
There is an open door here.
The two-headed ogre is no longer unusually agile.
You slash the two-headed ogre! You burn the two-headed ogre.
The two-headed ogre is heavily wounded.
The two-headed ogre barely misses you. x2
You slash the two-headed ogre!
Space warps around the two-headed ogre.
The two-headed ogre is severely wounded.
The two-headed ogre closely misses you.
The two-headed ogre hits you with a +0 giant club!!
Throw: 148 stones
Press: ? - help, Q - select action, (/) - cycle Shift-Dir - straight line, f - two-headed ogre
Aim: a two-headed ogre, wielding two +0 giant clubs (severely wounded, 82% to hit)
You throw a stone. The stone hits the two-headed ogre.
The two-headed ogre is severely wounded.
The two-headed ogre barely misses you.
The two-headed ogre hits you with a +0 giant club!
You barely miss the two-headed ogre. You claw the two-headed ogre!
The two-headed ogre is almost dead.
You barely miss the two-headed ogre.
The two-headed ogre is almost dead.
The two-headed ogre misses you.
The two-headed ogre hits you with a +0 giant club!
You completely miss the two-headed ogre.
The two-headed ogre is severely wounded.
The two-headed ogre hits you with a +0 giant club!
* * * LOW HITPOINT WARNING * * *
The two-headed ogre hits you with a +0 giant club!
* * * LOW HITPOINT WARNING * * *
The two-headed ogre hits you with a +0 giant club!!
You die...

#.......######....##..
#.######.......#.....####
#.#######........( #.#
#......... #.#####
#.>.......
##.....###....#....
#.............#.###
#.............# .
######.@...........#####
.........O...............
#######...........#######
###########.....(..
#########


You could see a two-headed ogre.

Vanquished Creatures
  A troll (D:5)
  Grinder (D:5)
  A wyvern (D:7)
  A water moccasin (D:7)
  Duvessa (D:5)
  An orc warrior (D:6)
  A sky beast (D:5)
  A necrophage (D:6)
  3 ogres (D:6)
  A phantom (D:4)
  A bullfrog (D:6)
  A gnoll sergeant (D:6)
  3 scorpions
  A water moccasin zombie (D:5)
  Dowan (D:5)
  7 wights
  A howler monkey (D:5)
  3 hounds
  A bullfrog zombie (D:6)
  A bullfrog skeleton (D:5)
  A centaur skeleton (D:5)
  An orc priest (D:4)
  4 iguanas
  A killer bee zombie (D:6)
  A hound zombie (D:5)
  2 gnolls (D:6)
  5 adders
  A white imp (D:6)
  An ufetubus (D:5)
  2 adder skeletons
  4 worms
  3 dart slugs
  5 orcs
  5 bats
  12 endoplasms
  A giant cockroach (D:2)
  5 goblins
  9 hobgoblins
  5 jackals (D:1)
  4 quokkas
  9 ball pythons
  4 frilled lizards
  14 kobolds
  6 rats
137 creatures vanquished.

Notes
Turn   | Place    | Note
-------+----------+-------------------------------------------
     0 | D:1      | issech the Troll Monk began the quest for the Orb.
     0 | D:1      | Reached XP level 1. HP: 22/22 MP: 0/0
   128 | D:1      | Reached skill level 3 in Maces & Flails
   149 | D:1      | Reached XP level 2. HP: 29/29 MP: 1/1
   173 | D:1      | Found Jeitwyerch's Magic Scroll Boutique.
   400 | D:1      | Reached XP level 3. HP: 32/36 MP: 2/2
   459 | D:1      | Bought a scroll of identify for 24 gold pieces
  1331 | D:2      | Reached XP level 4. HP: 44/44 MP: 3/3
  1607 | D:2      | Found a faded altar of an unknown god.
  2172 | D:3      | Found Voufy's Armour Shop.
  2178 | D:3      | Reached skill level 4 in Maces & Flails
  2716 | D:3      | Reached XP level 5. HP: 52/52 MP: 4/4
  2904 | D:4      | Noticed a phantom
  2926 | D:4      | Killed a phantom
  3104 | D:4      | Reached XP level 6. HP: 61/61 MP: 5/5
  3414 | D:5      | Entered Level 5 of the Dungeon
  3455 | D:5      | Noticed a sky beast
  3500 | D:5      | Killed a sky beast
  3501 | D:5      | Reached skill level 5 in Maces & Flails
  3795 | D:5      | Reached XP level 7. HP: 66/67 MP: 6/6
  3829 | D:5      | Noticed Grinder
  3876 | D:5      | Paralysed by Grinder for 6 turns
  3900 | D:5      | Killed Grinder
  3901 | D:5      | Reached skill level 6 in Maces & Flails
  4045 | D:5      | Identified the +7 hand axe "Sirchonk" {chaos, rF- rCorr
                  | Dex+8 Stlth-}
  4069 | D:5      | Noticed Duvessa
  4072 | D:5      | Noticed Dowan
  4075 | D:5      | Killed Duvessa
  4079 | D:5      | Killed Dowan
  4195 | D:5      | Noticed a troll
  4205 | D:5      | Killed a troll
  4206 | D:5      | Reached skill level 1 in Axes
  4206 | D:5      | Reached XP level 8. HP: 43/78 MP: 7/7
  4522 | D:6      | Reached skill level 7 in Maces & Flails
  4680 | D:6      | Reached XP level 9. HP: 43/87 MP: 8/8
  4828 | D:6      | Reached skill level 5 in Fighting
  4980 | D:7      | Reached skill level 5 in Dodging
  5006 | D:7      | Reached skill level 5 in Axes
  5297 | D:7      | Noticed a two-headed ogre
  5382 | D:7      | Demolished by a two-headed ogre

Illustrated notes

Levels and vault maps discovered:
D:1:      grunt_arrival_lava_bath, layout_loops_corners, serial_shops,
          shop_fountains, st_stairs_14
D:2:      layout_basic, hellmonk_ecumenical_altar_arch_garden,
          hangedman_feature_mirror
D:3:      layout_loops_ring, serial_shops, nicolae_diamond_shop
D:4:      layout_cave_pools, kennysheep_orc_chapel
D:5:      layout_loops_ring, kennysheep_cross_bottleneck, uniq_grinder,
          uniq_duvessa
D:6:      layout_rooms, minmay_starry_boxes
D:7:      layout_basic, minmay_temple_entry_grid, kb_lookout_dungeons_type

Skill      XL: |  1  2  3  4  5  6  7  8  9 |
---------------+----------------------------+-----
Maces & Flails | 3 4 5 6 7 |  7.0
Dodging        | 3 4 5 |  5.0
Fighting       | 3 4 5 |  5.1
Stealth        | 2 |  2.8
Axes           | 1 3 5 |  5.1

Action                   |  1- 3 |  4- 6 |  7- 9 || total
-------------------------+-------+-------+-------++-------
Melee: Mace              |    48 |       |       ||    48
       Whip              |    58 |   212 |    56 ||   326
       Punch             |     1 |       |     2 ||     3
       Hand axe          |       |       |   114 ||   114
Throw: Stone             |       |       |     1 ||     1
  Use: Scroll            |     1 |       |     3 ||     4
 Stab: Sleeping          |     3 |     3 |     1 ||     7
       Distracted        |       |       |     1 ||     1
       Paralysed         |       |       |     5 ||     5
Armor: Robe              |    40 |   102 |    30 ||   172
Dodge: Dodged            |    47 |    91 |    86 ||   224
